 Dungeon Crawl Stone Soup version 0.19-a0-529-g411dd88 (webtiles) character file.

368 TheGoonsmith the Firebug (level 6, -4/32 HPs)
             Began as a Gargoyle Fire Elementalist on June 7, 2016.
             Killed by divine providence
             ... invoked by an orc priest
              (15 damage)
             ... on level 4 of the Dungeon.
             The game lasted 00:05:54 (3491 turns).

TheGoonsmith the Firebug (GrFE)                     Turns: 3491, Time: 00:05:55

Health: -4/32      AC:  8    Str: 12    XL:     6   Next: 69%
Magic:  6/10       EV: 12    Int: 17    God:
Gold:   98         SH:  0    Dex: 10    Spells: 3 memorised, 2 levels left

rFire  . . .     SeeInvis .     o - +0 mace
rCold  . . .     Gourm    .     a - +0 robe
rNeg   + . .     Faith    .     (no shield)
rPois  ∞         Spirit   .     (no helmet)
rElec  +         Dismiss  .     u - +0 cloak
rCorr  .         Reflect  .     h - +0 pair of gloves
SustAt .         Harm     .     (no boots)
MR     .....                    (no amulet)
Stlth  ++........               (no ring)
                                (no ring)

@: not resistant to hostile enchantments, unstealthy
A: negative energy resistance 1, electricity resistance, unbreathing,
petrification resistance, rot immunity, AC +4
a: no special abilities


You were on level 4 of the Dungeon.
You were not hungry.

You visited 1 branch of the dungeon, and saw 4 of its levels.

You collected 98 gold pieces.

Inventory:

Hand Weapons
 e - a +0 dagger
 o - a +0 mace (weapon)
Armour
 a - a +0 robe (worn)
 h - a +0 pair of gloves (worn)
 u - a +0 cloak (worn)
Wands
 y - a wand of iceblast (3/15)
Scrolls
 i - 3 scrolls of remove curse
 k - a scroll of enchant armour {unknown}
 l - 2 scrolls of teleportation
 m - 3 scrolls of identify
 p - a scroll of amnesia {unknown}
 q - a scroll of magic mapping {unknown}
 t - a scroll of noise {unknown}
 w - a scroll of random uselessness {unknown}
Potions
 g - a potion of curing
 j - 2 potions of brilliance {unknown}
 n - 2 potions of heal wounds {unknown}
 r - a potion of might {unknown}
 s - a potion of invisibility {unknown}
 v - a potion of cancellation {unknown}
 x - a potion of lignification {unknown}
Books
 b - a book of Flames

   Spells                             Type                      Level
   a - Flame Tongue                   Conjuration/Fire             1
   b - Throw Flame                    Conjuration/Fire             2
   c - Conjure Flame                  Conjuration/Fire             3
   d - Inner Flame                    Hexes/Fire                   3
   e - Sticky Flame                   Conjuration/Fire             4
   f - Fireball                       Conjuration/Fire             5
Comestibles
 c - 2 bread rations
 d - 2 fruits
 f - 2 meat rations


   Skills:
 - Level 1.5 Dodging
 - Level 2.1 Stealth
 + Level 2.9 Spellcasting
 - Level 5.0 Conjurations
 - Level 5.1 Fire Magic


You had 2 spell levels left.
You knew the following spells:

 Your Spells              Type           Power        Failure   Level  Hunger
a - Flame Tongue          Conj/Fire      ###..        2%          1    None
c - Conjure Flame         Conj/Fire      ###.....     10%         3    ###....
s - Sticky Flame          Conj/Fire      ###.....     24%         4    ####...


Dungeon Overview and Level Annotations

Branches:
Dungeon (4/15)
 Temple: D:4-7

Altars:
Elyvilon
Pakellas
Ru

Annotations:
D:3 Ptasznikt's ghost, amateur HuFi


Innate Abilities, Weirdness & Mutations

You are resistant to torment.
Your stone body is resilient. (AC +4)
You are immune to poison.
You resist negative energy. (rN+)
You are resistant to electric shocks. (rElec)
You can survive without breathing.
You are immune to petrification.
You are immune to rotting.


Message History

You start resting.
Casting: Flame Tongue
Confirm with . or Enter, or press ? or * to list all spells.
Aiming: Flame Tongue
Press: ? - help, Shift-Dir - straight line, f - orc priest
Aim: an orc priest, wielding a dagger of protection The flame tongue hits the orc priest.
The orc priest is severely wounded.
The orc priest mumbles some strange prayers to Beogh against you.
Pain shoots through your body!
Casting: Flame Tongue
Confirm with . or Enter, or press ? or * to list all spells.
Aiming: Flame Tongue
Press: ? - help, Shift-Dir - straight line, f/p - orc priest
Aim: an orc priest, wielding a dagger of protection (severely wounded)
The flame tongue hits the orc priest.
The orc priest is almost dead.
The orc priest invokes the aid of Beogh against you.
Beogh smites you!
You die...

..#§.####...####)# #
#.#'..#.......#..##.#
#.....#...#...#.....#
#.....###'#+###...###
#..o#.....#.....#...#
#...#.....#.....#.###
#..>#...#####...#..
#...#.....#_....#.#.
###.#@....#.....#[###
#o[.###+#'###...#
##..#...#...#...#
#..#.......#...#
#.####...####..#
#..#.......#...#
#..#.......#...#
########<#.....#
#########


You could see an orc priest.

Vanquished Creatures
  A phantom (D:4)
  3 orc priests
  A worker ant (D:4)
  11 adders
  2 worms
  2 dart slugs
  A giant gecko (D:2)
  7 orcs
  9 ball pythons
  10 bats
  8 goblins
  4 hobgoblins (D:2)
  4 kobolds
  A quokka (D:2)
  2 giant newts
  8 rats
74 creatures vanquished.

Notes
Turn   | Place    | Note
--------------------------------------------------------------
     0 | D:1      | TheGoonsmith the Gargoyle Fire Elementalist began the quest for the Orb.
     0 | D:1      | Reached XP level 1. HP: 10/10 MP: 3/3
   225 | D:1      | Reached XP level 2. HP: 15/15 MP: 3/5
   904 | D:2      | Reached XP level 3. HP: 11/19 MP: 0/6
  1531 | D:2      | Reached XP level 4. HP: 24/24 MP: 4/7
  1739 | D:2      | Learned a level 3 spell: Conjure Flame
  1841 | D:2      | Reached skill level 5 in Conjurations
  1875 | D:2      | Reached XP level 5. HP: 28/28 MP: 3/8
  2222 | D:3      | Found a white marble altar of Elyvilon.
  2710 | D:3      | Learned a level 4 spell: Sticky Flame
  2732 | D:3      | Found an oddly glowing altar of Pakellas.
  2832 | D:3      | Noticed Ptasznikt's ghost (amateur HuFi)
  2916 | D:3      | Reached XP level 6. HP: 2/32 MP: 0/9
  3174 | D:4      | Found a sacrificial altar of Ru.
  3281 | D:4      | Reached skill level 5 in Fire Magic
  3367 | D:4      | Noticed a phantom
  3394 | D:4      | Killed a phantom
  3491 | D:4      | Killed from afar by an orc priest

Vault maps used:
D:1:      dpeg_arrival_orchard
D:2:      st_stairs_7, minmay_snake_closets
D:3:      lemuel_crystal_altar, first_bread, elyvilon_altar_5
D:4:      grunt_temple_overflow_lords_of_destruction, kennysheep_little_box,
          old_standard_altar, hangedman_ru_absence, okawaru_altar_gauntlet_db

Skill      XL: |  1  2  3  4  5  6 |
---------------+-------------------+-----
Conjurations   | 2 3 4 5 |  5.0
Fire Magic     | 4 5 |  5.1
Dodging        | |  1.5
Stealth        | |  2.1
Spellcasting   | |  2.9

Action                   |  1- 3 |  4- 6 || total
-------------------------+-------+-------++-------
Melee: Unarmed           |    13 |       ||    13
       Dagger            |     1 |       ||     1
       Mace              |       |    15 ||    15
 Cast: Flame Tongue      |    64 |   103 ||   167
  Use: Scroll            |       |     3 ||     3
       Potion            |       |     2 ||     2
  Eat: Chunk             |     3 |     8 ||    11
Armor: Robe              |    14 |    16 ||    30
Dodge: Dodged            |    20 |    32 ||    52
